 Dungeon Crawl Stone Soup version 0.28-a0-1567-g1695149f81 (webtiles) character file.

Game seed: 2726930810502012631

1 Vibzy the Grave Robber (level 1, 0/13 HPs)
             Began as a Human Necromancer on Sept 29, 2021.
             Slain by a frilled lizard (2 damage)
             ... on level 1 of the Dungeon on Jan 19, 2022.
             The game lasted 00:05:19 (162 turns).

Vibzy the Grave Robber (Human Necromancer)           Turns: 162, Time: 00:05:19

Health: 0/13       AC:  2    Str:  8    XL:     1   Next: 22%
Magic:  1/3        EV: 12    Int: 15    God:
Gold:   9          SH:  0    Dex: 13    Spells: 3/4 levels left

rFire   + . .      SeeInvis .   (no weapon)
rCold   + . .      Faith    .   (no shield)
rNeg    . . .      Spirit   .   a - +0 robe
rPois   +          Reflect  .   (no helmet)
rElec   +          Harm     .   (no cloak)
rCorr   +          Rampage  .   (no gloves)
Will    .....                   (no boots)
Stlth   ++........              (no amulet)
HPRegen 0.04/turn               (no ring)
MPRegen 0.08/turn               (no ring)

@: resistant
A: no striking features
a: no special abilities


You were on level 1 of the Dungeon.
You visited 1 branch of the dungeon, and saw 1 of its levels.

You collected 9 gold pieces.

Inventory:

Hand Weapons
 b - a +0 dagger
Missiles
 d - 16 stones
Armour
 a - a +0 robe (worn)


   Skills:
 + Level 2.0 Dodging
 + Level 2.0 Stealth
 + Level 2.0 Spellcasting
 + Level 4.0 Necromancy


You had 3 spell levels left.
You knew the following spells:

 Your Spells              Type           Power      Damage    Failure   Level
a - Pain                  Necr           52%        1d6       4%          1

Your spell library contained the following spells:

 Spells                   Type           Power      Damage    Failure   Level
 Animate Skeleton         Necr           26%        N/A       4%          1
 Vampiric Draining        Necr           13%        2d6       13%         3
 Animate Dead             Necr           6%         N/A       38%         4
 Agony                    Necr           13%        N/A       75%         5


Dungeon Overview and Level Annotations

Branches:
Dungeon (1/15)

Altars:


Message History

Attack: -) Nothing wielded
Press: ? - help, Dir - move target, f/p - frilled lizard
Aim: a frilled lizard (about 65% to evade your hands)
You barely miss the frilled lizard. The hobgoblin closely misses you.
The frilled lizard closely misses you.
Attack: -) Nothing wielded
Press: ? - help, Dir - move target, f/p - frilled lizard
Aim: a frilled lizard (about 65% to evade your hands)
You barely miss the frilled lizard. The hobgoblin closely misses you.
The frilled lizard completely misses you.
Attack: -) Nothing wielded
Press: ? - help, Dir - move target, f/p - frilled lizard
Aim: a frilled lizard (about 65% to evade your hands)
You hit the frilled lizard but do no damage.
The hobgoblin hits you. The frilled lizard bites you.
* * * LOW HITPOINT WARNING * * *
Attack: -) Nothing wielded
Press: ? - help, Dir - move target, f/p - frilled lizard
Aim: a frilled lizard (about 65% to evade your hands)
You miss the frilled lizard. The hobgoblin misses you.
The frilled lizard closely misses you.
Attack: -) Nothing wielded
Press: ? - help, Dir - move target, f/p - frilled lizard
Aim: a frilled lizard (about 65% to evade your hands)
You hit the frilled lizard.
The frilled lizard is moderately wounded.
The hobgoblin closely misses you. The frilled lizard misses you.
Attack: -) Nothing wielded
Press: ? - help, Dir - move target, f/p - frilled lizard
Aim: a frilled lizard (moderately wounded, about 65% to evade your hands)
You completely miss the frilled lizard.
The frilled lizard is moderately wounded.
The hobgoblin hits you.
* * * LOW HITPOINT WARNING * * *
The frilled lizard closely misses you.
It was a potion of resistance.
You feel protected.
The hobgoblin hits you but does no damage.
The frilled lizard bites you.
You die...

#.#.#.. ..
#.#.#.###.>.
#.#...#.....
#......#...
#........
#......#
#..)...+
#...lg.#
####...@..#
.........#.#
########.#...
#.# ### #.#
#.# #########
#.# #.......#
#.# #.......#
#.####.......#


You could see a hobgoblin and a frilled lizard.

Vanquished Creatures
  A goblin (D:1)
1 creature vanquished.

Notes
Turn   | Place    | Note
-------+----------+-------------------------------------------
     0 | D:1      | Vibzy the Human Necromancer began the quest for the Orb.
     0 | D:1      | Reached XP level 1. HP: 13/13 MP: 3/3
     0 | D:1      | Upgraded the game from 0.28-a0-563-gf77a47075d to
                  | 0.28-a0-1567-g1695149f81
   162 | D:1      | Slain by a frilled lizard

Illustrated notes

Levels and vault maps discovered:
D:1:      onia_arrival_pyramid, layout_basic

Action                   || total
-------------------------++-------
Melee: Unarmed           ||     7
 Cast: Pain              ||     4
  Use: Potion            ||     1
Armor: Robe              ||     2
Dodge: Dodged            ||    12

Table legend: (Time is in decaauts)
 A = Elapsed time spent in this place.
 B = Non-inter-level travel time spent in this place.
 C = Inter-level travel time spent in this place.
 D = Time resting spent in this place.
 E = Time spent auto-exploring this place.
 F = Levels seen in this place.
 G = Mean time per level.
                   A        B        C        D        E       F      G
               +--------+--------+--------+--------+--------+-----+--------+
         Total |    165 |    144 |     21 |      0 |      0 |   1 |  165.0 |
       Dungeon |    165 |    144 |     21 |      0 |      0 |   1 |  165.0 |
               +--------+--------+--------+--------+--------+-----+--------+

Top non-repeatable levels by time:
     D:1: 165 daAuts
